 Dungeon Crawl Stone Soup version 0.31.0 (webtiles) character file.

Game seed: 2921865364833604762

66 NamelessAdventurer the Shooter (level 3, 0/30 HPs)
             Began as a Draconian Hunter on Jan 20, 2024.
             Shot with an arrow by a centaur (3 damage)
             ... on level 3 of the Dungeon.
             The game lasted 00:05:34 (1246 turns).

NamelessAdventurer the Shooter (Draconian Hunter)   Turns: 1246, Time: 00:05:35

Health: 0/30       AC:  5    Str: 13    XL:     3   Next: 96%
Magic:  3/3        EV: 12    Int: 11    God:
Gold:   81         SH:  0    Dex: 14    Spells: 2/2 levels left

rFire   . . .        b - +2 whip (distort)
rCold   . . .        (no shield)
rNeg    . . .        (body armour unavailable)
rPois   .            (helmet restricted)
rElec   .            (no cloak)
rCorr   .            (no gloves)
SInv    .            (no boots)
Will    +....        h - amulet of faith
Stlth   ++           (no ring)
HPRegen 0.25/turn    (no ring)
MPRegen 0.08/turn

%: faith
@: no status effects
A: AC +5, unfitting armour, cold-blooded, strong-willed 1
a: no special abilities


You were on level 3 of the Dungeon.
You visited 1 branch of the dungeon, and saw 3 of its levels.

You collected 81 gold pieces.

Inventory:

Hand Weapons
 a - a +0 shortbow
 b - a +2 whip of distortion (weapon)
 c - a +0 short sword
Missiles
 d - 4 poisoned darts (quivered)
 j - 4 boomerangs
Jewellery
 h - an amulet of faith (around neck)
Scrolls
 e - a scroll of torment
 f - 2 scrolls of identify
Potions
 g - a potion of resistance


   Skills:
 * Level 2.5 Fighting
 * Level 0.6 Short Blades
 * Level 0.2 Maces & Flails
 * Level 4.5 Ranged Weapons
 * Level 0.3 Throwing
 * Level 1.9 Dodging
 * Level 1.2 Stealth
 * Level 0.3 Spellcasting


You had 2 spell levels left.
You didn't know any spells.
Your spell library was empty.

Dungeon Overview and Level Annotations

Branches:
Dungeon (3/15)

Altars:


Innate Abilities, Weirdness & Mutations

Your plain brown scales are hard. (AC +5)
You cannot fit into any form of body armour.
You are cold-blooded and may be slowed by cold attacks.
You are strong-willed. (Will+)


Message History

g - a potion of resistance You now have 67 gold pieces (gained 13).
You see here a +0 dagger.
d - 3 poisoned darts (gained 1)
d - 4 poisoned darts (gained 1)
h - an amulet of faith
i - a bubbling yellow potion You start putting on your amulet.
You continue putting on your amulet of faith. x5
You finish putting on your amulet of faith.
You feel a strange surge of divine interest.
h - an amulet of faith (around neck)
Found 3 stones.
Found 4 boomerangs.
Found 14 gold pieces.
You see here 4 boomerangs.
j - 4 boomerangs You now have 81 gold pieces (gained 14).
A centaur comes into view.
The centaur shouts!
The centaur wields a +0 orcbow.
The centaur shoots an arrow.
The arrow hits you!
The centaur shoots an arrow.
The arrow hits you!
* * * LOW HITPOINT WARNING * * *
It was a potion of heal wounds.
You feel much better.
The centaur shoots an arrow.
The arrow barely misses you.
As you read the scroll of identify, it crumbles to dust.
e - a scroll of torment The centaur shoots an arrow.
The arrow hits you!
The centaur shoots an arrow.
The arrow hits you!
* * * LOW HITPOINT WARNING * * *
You hear an angry hiss.
An adder comes into view.
The centaur shoots an arrow.
The arrow closely misses you.
Found a scroll of identify.
The centaur shoots an arrow.
The arrow hits you.
* * * LOW HITPOINT WARNING * * *
You hear an angry hiss.
The centaur shoots an arrow.
The arrow barely misses you.
The centaur shoots an arrow.
The arrow misses you.
The centaur shoots an arrow.
The arrow hits you.
You die...

.........# #....
.........# ##....#
.........###..?..#
.........# ......#
...).....# #....### ##
.........##.#......# .#
............#....#.####.#
.........#.........c....#
.........#.#.###@###.#..#
......>..#.# ..#.#...#..#
.........#.###.#.#c###..#
.........#..........c..##
.........#.###.#.#(###.#
########.#.#.#.....#.#.#
#.#.#.###.###.#.#
#.#.............#
#.......#########


You could see a centaur.

Vanquished Creatures
  Natasha (D:2)
  An adder (D:3)
  An orc (D:3)
  2 ball pythons (D:3)
  3 endoplasms
  3 giant cockroaches
  3 goblins
  A hobgoblin (D:2)
  7 kobolds
  A quokka (D:2)
  2 bats (D:2)
  2 frilled lizards
  A rat (D:1)
28 creatures vanquished.

Notes
Turn   | Place    | Note
-------+----------+-------------------------------------------
     0 | D:1      | NamelessAdventurer the Draconian Hunter began the quest for
                  | the Orb.
     0 | D:1      | Reached XP level 1. HP: 17/17 MP: 1/1
   109 | D:1      | Reached skill level 1 in Stealth
   458 | D:1      | Reached XP level 2. HP: 24/24 MP: 2/2
   554 | D:2      | Reached skill level 4 in Ranged Weapons
   943 | D:2      | Gained mutation: Your magical capacity is low. (-10% MP)
                  | [potion of mutation]
   943 | D:2      | Lost mutation: Your magical capacity is low. (-10% MP)
                  | [potion of mutation]
   943 | D:2      | Gained mutation: You are strong-willed. (Will+) [potion of
                  | mutation]
  1062 | D:2      | Noticed Natasha
  1067 | D:2      | Killed Natasha
  1068 | D:2      | Reached XP level 3. HP: 30/30 MP: 3/3
  1231 | D:3      | Noticed a centaur
  1246 | D:3      | Shot with an arrow by a centaur

Illustrated notes

Levels and vault maps discovered:
D:1:      shiori_arrival_oz, layout_basic
D:2:      layout_loops_ring, chequers_serial_rivers_micro_e, patterned_corridor,
          uniq_natasha
D:3:      layout_basic, mainiacjoe_overflow_small_starburst, serial_shops,
          nicolae_shop_tiny_real_fake_doors, minmay_misc_feat_roman

Skill      XL: |  1  2 |
---------------+-------+-----
Stealth        | 1 |  1.2
Ranged Weapons | 4 |  4.5
Fighting       | |  2.5
Short Blades   | |  0.6
Maces & Flails | |  0.2
Throwing       | |  0.3
Dodging        | |  1.9
Spellcasting   | |  0.3

Action                     || total
---------------------------++-------
  Melee: Short sword       ||    40
         Tailslap          ||     5
         Whip              ||     8
         Punch             ||     2
   Fire: Shortbow          ||    53
  Throw: Dart              ||     6
    Use: Scroll            ||     4
         Potion            ||     6
 Armour: Skin              ||    31
  Dodge: Dodged            ||    54
